[Event "Titled Tuesday Blitz March 15 Early 2022"]
[White "Winkels, Marcel"]
[Black "Samaganova, Aleksandra"]
[WhiteFideId "1003887"]
[BlackFideId "13800221"]
[WhiteElo "1900"]
[BlackElo "1859"]
[Result "0-1"]
[Round "08"]
[TimeControl "180+1"]
[Date "2022.03.15"]
[WhiteClock "0:00:10"]
[BlackClock "0:00:08"]

1. e4 c5 2. Nf3 e6 3. d4 cxd4 4. Nxd4 a6 5. Bd3 Qc7 6. O-O Nf6 7. c4 b6 8. Nc3 Bb7 9. Nf3 d6 10. Re1 Nbd7 11. Bf4 Ne5 12. Rc1 Be7 13. h3 O-O 14. Bb1 Rac8 15. b3 Rfd8 16. Qe2 Nfd7 17. Nxe5 dxe5 18. Be3 Bb4 19. Red1 Nb8 20. Na4 Nd7 21. f3 Bc6 22. Nc3 Bc5 23. Rd2 h6 24. Rcd1 Bxe3+ 25. Qxe3 b5 26. cxb5 axb5 27. Rc2 Qb6 28. Qxb6 Nxb6 29. Rdc1 Be8 30. Kf2 Kf8 31. Ke2 Ke7 32. Rd2 Rxd2+ 33. Kxd2 Kd6 34. Bd3 b4 35. Nd1 Rxc1 36. Kxc1 Kc5 37. Kd2 Kd4 38. Ne3 f6 39. Bc4 Bd7 40. g4 Kc5 41. h4 g6 42. Kd3 f5 43. gxf5 gxf5 44. Nc2 f4 45. Ne1 Bc8 46. Nc2 Nxc4 47. bxc4 Ba6 48. Kd2 Bxc4 49. Ne1 Bxa2 50. Kc2 Bc4 51. Kb2 Be2 52. Kb3 Kb5 53. Nc2 Bd1 54. Kb2 Bxc2 55. Kxc2 Kc4 56. Kb2 Kd3 57. Kb3 Ke3 58. Kxb4 Kxf3 59. Kc5 Kxe4 60. Kd6 f3 61. Kxe6 f2 62. Kf6 f1=Q+ 0-1


[Site "https://www.chess.com"]

[Event "Titled Tuesday Blitz March 15 Early 2022"]
[White "Xu, Yi"]
[Black "Vlassov, Nikolai"]
[WhiteFideId "8605564"]
[BlackFideId "4103360"]
[WhiteElo "2471"]
[BlackElo "2407"]
[Result "1-0"]
[Round "08"]
[TimeControl "180+1"]
[Date "2022.03.15"]
[WhiteClock "0:00:34"]
[BlackClock "0:00:23"]

1. e4 Nc6 2. Nf3 d5 3. exd5 Qxd5 4. Nc3 Qa5 5. d4 Bg4 6. Bb5 O-O-O 7. Bxc6 bxc6 8. h3 Qh5 9. Be3 e5 10. Qe2 Bxf3 11. gxf3 exd4 12. O-O-O Bc5 13. Na4 Ne7 14. Qa6+ Kb8 15. Qa5 dxe3 16. Nxc5 Rd5 17. Qb4+ Kc8 18. Qb7+ Kd8 19. Qa8+ Nc8 20. Qxc6 Nb6 21. Rxd5+ Qxd5 22. Rd1 Qxd1+ 23. Kxd1 exf2 24. Ke2 Re8+ 25. Kxf2 Re5 26. Nb7+ Kc8 27. Nd6+ Kb8 28. Qb7# 1-0


[Site "https://www.chess.com"]

[Event "Titled Tuesday Blitz March 15 Early 2022"]
[White "Yang, Kaiqi"]
[Black "Gurevich, Dmitry"]
[WhiteFideId "8604398"]
[BlackFideId "2000407"]
[WhiteElo "2530"]
[BlackElo "2618"]
[Result "1-0"]
[Round "08"]
[TimeControl "180+1"]
[Date "2022.03.15"]
[WhiteClock "0:00:05"]
[BlackClock "0:00:04"]

1. e4 c5 2. Nc3 Nc6 3. Bb5 g6 4. Bxc6 bxc6 5. f4 Bg7 6. Nf3 d6 7. O-O Nh6 8. d3 O-O 9. Qe1 f6 10. Bd2 e5 11. Kh1 exf4 12. Bxf4 Nf7 13. Rd1 Qb6 14. b3 Bd7 15. Na4 Qb4 16. Bd2 Qb7 17. Bc3 Rae8 18. Qg3 Qc8 19. Nd2 Ne5 20. Bxe5 fxe5 21. Rxf8+ Rxf8 22. Rf1 Rxf1+ 23. Nxf1 Qf8 24. Kg1 Bh6 25. Qf2 Qg7 26. Ne3 Bg5 27. Nc4 Be7 28. Nc3 h5 29. Nd2 Qh6 30. h4 g5 31. hxg5 Bxg5 32. Nf1 h4 33. Nd1 Bf4 34. Nde3 Qg5 35. Kh1 Bg4 36. Nxg4 Qxg4 37. Qf3 Qxf3 38. gxf3 Kg7 39. Kg2 Kg6 40. Kh3 Kg5 41. a4 a5 42. Kg2 Kh5 43. Kh3 Kg5 44. Kg2 Kh5 45. Kh3 d5 46. Kg2 Kg5 47. Kh3 Kh5 48. Kg2 d4 49. Kh3 Kg5 50. Kg2 Be3 51. Nh2 Kf4 52. Ng4 Bc1 53. Nf6 Ke3 54. Nd7 Kd2 55. Nxe5 Kxc2 56. Nd7 Kxb3 57. Nxc5+ Kb4 58. Nd7 Kxa4 59. e5 Kb5 60. e6 Bg5 61. f4 Bd8 62. f5 a4 63. f6 a3 64. e7 Bxe7 65. fxe7 a2 66. e8=Q a1=Q 67. Qb8+ Ka4 68. Qa7+ 1-0


[Site "https://www.chess.com"]

[Event "Titled Tuesday Blitz March 15 Early 2022"]
[White "Yedidia, Daniel"]
[Black "Weetik, Vjacheslav"]
[WhiteFideId "30905907"]
[BlackFideId "4153472"]
[WhiteElo "2477"]
[BlackElo "2469"]
[Result "1-0"]
[Round "08"]
[TimeControl "180+1"]
[Date "2022.03.15"]
[WhiteClock "0:00:15"]
[BlackClock "0:00:01"]

1. d4 d5 2. c4 e6 3. Nc3 c6 4. Nf3 dxc4 5. a4 Bb4 6. e3 b5 7. Ne5 Nf6 8. g3 Qd5 9. Rg1 Nbd7 10. Bg2 Ne4 11. Qg4 Nxe5 12. dxe5 Nxc3 13. Bxd5 Nxd5+ 14. Kf1 O-O 15. e4 f5 16. exf5 exf5 17. Qf3 f4 18. axb5 Bh3+ 19. Ke2 Bf5 20. bxc6 Bd3+ 21. Kd1 Rad8 22. Bd2 a5 23. gxf4 Nxf4 24. c7 Be2+ 25. Qxe2 Nxe2 26. cxd8=Q Rxd8 27. Kxe2 Rxd2+ 28. Kf3 Rxb2 29. e6 c3 30. Rad1 Kf8 31. Rd7 g6 32. Rxh7 c2 33. Rf7+ Ke8 34. Rxg6 Rb3+ 35. Kg2 1-0


[Site "https://www.chess.com"]

[Event "Titled Tuesday Blitz March 15 Early 2022"]
[White "Zong, Davis"]
[Black "Shtyka, Sergey"]
[WhiteFideId "30903955"]
[BlackFideId "4138465"]
[WhiteElo "2061"]
[BlackElo "2014"]
[Result "0-1"]
[Round "08"]
[TimeControl "180+1"]
[Date "2022.03.15"]
[WhiteClock "0:00:16"]
[BlackClock "0:01:26"]

1. e4 c5 2. Nf3 d6 3. d4 cxd4 4. Nxd4 Nf6 5. Nc3 g6 6. Be3 Bg7 7. f3 O-O 8. Qd2 Nc6 9. O-O-O d5 10. Nxc6 bxc6 11. exd5 Nxd5 12. Bd4 e5 13. Bc5 Be6 14. Bxf8 Qxf8 15. Bc4 Bh6 16. f4 Bxf4 17. Nxd5 cxd5 18. Qxf4 exf4 19. Bb3 d4 20. Rxd4 Bxb3 21. axb3 Qc5 22. Rhd1 Rc8 23. c3 g5 24. b4 Qf5 25. h3 h5 26. Rd5 Qf6 27. R1d4 Re8 28. Kc2 Re2+ 29. Kb3 Rxg2 30. Rc5 Kg7 31. Rc8 Qe6+ 32. Ka3 Qxc8 0-1


[Site "https://www.chess.com"]

[Event "Titled Tuesday Blitz March 15 Early 2022"]
[White "volunteers1998"]
[Black "Devaev, Alexander"]
[BlackFideId "4169395"]
[WhiteElo "2266"]
[BlackElo "2185"]
[Result "1/2-1/2"]
[Round "08"]
[TimeControl "180+1"]
[Date "2022.03.15"]
[WhiteClock "0:00:04"]
[BlackClock "0:00:11"]

1. e4 c6 2. d4 d5 3. e5 Bf5 4. h4 Qb6 5. g4 Bd7 6. Nc3 e6 7. f4 c5 8. Nf3 Nc6 9. Be3 cxd4 10. Nxd4 Nxd4 11. Qxd4 Qxd4 12. Bxd4 h5 13. g5 Ne7 14. Nb5 Bxb5 15. Bxb5+ Nc6 16. O-O-O Rc8 17. Kb1 a6 18. Bxc6+ Rxc6 19. Rh3 Be7 20. Rc3 Kd7 21. Rxc6 bxc6 22. Rd3 c5 23. Be3 c4 24. Rd2 Rb8 25. c3 Kc6 26. Kc2 a5 27. b3 cxb3+ 28. axb3 f6 29. exf6 gxf6 30. Rd1 e5 31. fxe5 fxe5 32. Ra1 Kb5 33. c4+ dxc4 34. bxc4+ Ka6 35. Bd2 Bb4 36. Bxb4 Rxb4 37. Kc3 Rb7 38. Re1 Re7 39. Kd3 Kb6 40. Ke4 Kc5 41. Ra1 Kb4 42. c5 a4 43. c6 a3 44. c7 Rxc7 45. Kxe5 Rc4 46. Rh1 a2 47. g6 Rg4 48. Kf6 Kb3 49. g7 Kb2 50. Kf7 Rf4+ 51. Ke7 Re4+ 52. Kf7 Rf4+ 53. Ke7 Rg4 54. Kf7 Rf4+ 1/2-1/2


[Site "https://www.chess.com"]

[Event "Titled Tuesday Blitz March 15 Early 2022"]
[White "Alinasab, Mobina"]
[Black "Kanyamarala, Tarun"]
[WhiteFideId "12528897"]
[BlackFideId "45004714"]
[WhiteElo "2454"]
[BlackElo "2528"]
[Result "1-0"]
[Round "09"]
[TimeControl "180+1"]
[Date "2022.03.15"]
[WhiteClock "0:00:07"]
[BlackClock "0:00:11"]

1. e4 c5 2. Nf3 Nc6 3. d4 cxd4 4. Nxd4 Nf6 5. Nc3 e5 6. Ndb5 d6 7. Bg5 a6 8. Na3 b5 9. Bxf6 gxf6 10. Nd5 Bg7 11. Bd3 O-O 12. Qh5 Ne7 13. c4 f5 14. Nxe7+ Qxe7 15. O-O Rb8 16. exf5 e4 17. Rae1 Bb7 18. cxb5 d5 19. bxa6 Ba8 20. Nb5 Qf6 21. Be2 Qxb2 22. Rb1 Qe5 23. Rfd1 d4 24. a7 Rb6 25. f6 Qxf6 26. Nc7 d3 27. Bg4 e3 28. fxe3 Rxb1 29. Rxb1 Qe7 30. Nxa8 Qxe3+ 31. Kh1 d2 32. Be2 Qxa7 33. Nb6 Qxa2 34. Rd1 Rb8 35. Nd5 Rb1 36. h3 Qc2 37. Rxb1 Qxb1+ 38. Bd1 Qb2 39. Ne7+ Kf8 40. Nf5 Be5 41. Qh6+ Ke8 42. Qe3 f6 43. Qb3 Qc1 44. Ne3 Qc5 45. Ng4 Bd4 46. Qd3 Bc3 47. Qe4+ Kd8 48. Qd3+ Kc7 49. Ne3 Kb6 50. Qxc3 Qxc3 51. Nd5+ Kc5 52. Nxc3 Kd4 53. Ne2+ Ke3 54. Ng3 f5 55. Kg1 f4 56. Nf1+ Kd3 57. Kf2 1-0


[Site "https://www.chess.com"]

[Event "Titled Tuesday Blitz March 15 Early 2022"]
[White "Andreikin, Dmitry"]
[Black "Dreev, Aleksey"]
[WhiteFideId "4158814"]
[BlackFideId "4100107"]
[WhiteElo "2736"]
[BlackElo "2625"]
[Result "1-0"]
[Round "09"]
[TimeControl "180+1"]
[Date "2022.03.15"]
[WhiteClock "0:00:54"]
[BlackClock "0:00:10"]

1. e4 c5 2. Nc3 Nc6 3. Nge2 Nf6 4. g3 g6 5. Bg2 Bg7 6. O-O O-O 7. d3 Rb8 8. Be3 d6 9. h3 b5 10. a3 a5 11. a4 b4 12. Nb5 Nd7 13. c3 Ba6 14. d4 cxd4 15. cxd4 Nb6 16. b3 d5 17. e5 Qd7 18. Nf4 Nd8 19. Qg4 Bxb5 20. axb5 Qxb5 21. Rfc1 a4 22. bxa4 Qa5 23. Rc5 Qa7 24. Nxd5 Nxd5 25. Bxd5 e6 26. Bb3 Nb7 27. Rc7 Qb6 28. Rxf7 Rxf7 29. Bxe6 Nd8 30. Bb3 Kh8 31. a5 Qc7 32. a6 Rf8 33. Qe4 Qc3 34. Qb1 Ne6 35. Bxe6 b3 36. a7 Ra8 37. Bxb3 Rf3 38. Bd5 Rxe3 39. Bxa8 Rxg3+ 40. Bg2 1-0


[Site "https://www.chess.com"]

[Event "Titled Tuesday Blitz March 15 Early 2022"]
[White "Araujo Filho, Luiz Antonio Coel"]
[Black "Polster, Christian"]
[WhiteFideId "2130661"]
[BlackFideId "12965081"]
[WhiteElo "2208"]
[BlackElo "2313"]
[Result "0-1"]
[Round "09"]
[TimeControl "180+1"]
[Date "2022.03.15"]
[WhiteClock "0:00:04"]
[BlackClock "0:00:12"]

1. d4 d5 2. Nf3 Nf6 3. e3 c5 4. c3 Nc6 5. Nbd2 Bf5 6. Qa4 e6 7. Ne5 Rc8 8. Bb5 Qb6 9. O-O Bd6 10. b3 cxd4 11. cxd4 O-O 12. Bxc6 bxc6 13. Ba3 c5 14. dxc5 Bxc5 15. Ndf3 Rc7 16. Rac1 Rfc8 17. Bxc5 Rxc5 18. Rxc5 Qxc5 19. Nd4 Bg6 20. Nd7 Nxd7 21. Qxd7 Qc7 22. Qa4 e5 23. Nb5 Qb6 24. Nxa7 Ra8 25. Rc1 Qb7 26. Qc6 Qe7 27. Nb5 Rxa2 0-1


[Site "https://www.chess.com"]

[Event "Titled Tuesday Blitz March 15 Early 2022"]
[White "Aravindh, Chithambaram VR."]
[Black "Shevchenko, Kirill"]
[WhiteFideId "5072786"]
[BlackFideId "14129574"]
[WhiteElo "2561"]
[BlackElo "2624"]
[Result "1-0"]
[Round "09"]
[TimeControl "180+1"]
[Date "2022.03.15"]
[WhiteClock "0:00:08"]
[BlackClock "0:00:02"]

1. b3 e5 2. Bb2 d6 3. e3 g6 4. d4 Bg7 5. dxe5 Nd7 6. Qd2 dxe5 7. Nc3 Ngf6 8. O-O-O O-O 9. h4 Qe7 10. Nf3 Nc5 11. h5 Bg4 12. hxg6 hxg6 13. Bc4 Rad8 14. Qe1 Rxd1+ 15. Nxd1 Nfe4 16. Qg1 Rd8 17. Qh2 b5 18. Bxe5 Rxd1+ 19. Rxd1 bxc4 20. Rd4 Bxf3 21. Bxg7 Nxb3+ 22. Kb2 Kxg7 23. axb3 c3+ 24. Ka2 Be2 25. Qf4 Nf6 26. f3 Bb5 27. e4 Qe6 28. Qe3 Qc6 29. Rd8 a5 30. Qd4 a4 31. e5 axb3+ 32. Kxb3 Qe6+ 33. Kb4 Nd7 34. Kxb5 c6+ 35. Ka5 Nxe5 36. f4 Qa2+ 37. Kb6 Qb2+ 38. Kc7 Qxc2 39. Qxe5+ f6 40. Qe7+ Kh6 41. Rh8# 1-0


[Site "https://www.chess.com"]

[Event "Titled Tuesday Blitz March 15 Early 2022"]
[White "Babazada, Khazar"]
[Black "Bluebaum, Matthias"]
[WhiteFideId "13413554"]
[BlackFideId "24651516"]
[WhiteElo "2418"]
[BlackElo "2550"]
[Result "1/2-1/2"]
[Round "09"]
[TimeControl "180+1"]
[Date "2022.03.15"]
[WhiteClock "0:00:28"]
[BlackClock "0:00:13"]

1. e4 c6 2. d4 d5 3. Nc3 dxe4 4. Nxe4 Nf6 5. Nxf6+ exf6 6. c3 Bd6 7. Bd3 O-O 8. Ne2 Re8 9. Qc2 h5 10. O-O h4 11. Bd2 h3 12. Ng3 hxg2 13. Rfe1 Nd7 14. Rxe8+ Qxe8 15. Re1 Qd8 16. Nf5 Bf8 17. Qd1 Ne5 18. Be4 g6 19. dxe5 Bxf5 20. Bxf5 gxf5 21. exf6 Qxf6 22. Qf3 Rd8 23. Be3 Qg6 24. h4 Bd6 25. h5 Qg4 26. Qxg4+ fxg4 27. Kxg2 f5 28. Rd1 Kf7 29. Bxa7 Ke7 30. f3 Ra8 31. Bf2 Rxa2 32. fxg4 fxg4 33. h6 Ra8 34. Rxd6 Kxd6 35. Bd4 c5 36. Bg7 Kd5 37. b3 Ke4 38. h7 Kd3 39. h8=Q Rxh8 40. Bxh8 Kc2 41. b4 cxb4 42. cxb4 Kb3 43. b5 Kc4 44. b6 Kc5 45. Kg3 Kxb6 46. Kxg4 Kc5 47. Kf3 Kc4 48. Ke3 b5 49. Kd2 Kb3 50. Kc1 Ka2 51. Kc2 b4 52. Kc1 b3 53. Bg7 Ka3 54. Bb2+ Ka2 55. Bd4 Ka3 56. Bc3 b2+ 57. Bxb2+ 1/2-1/2


[Site "https://www.chess.com"]

[Event "Titled Tuesday Blitz March 15 Early 2022"]
[White "Baches Garcia, Guillermo"]
[Black "Iskusnyh, Sergei"]
[WhiteFideId "2209764"]
[BlackFideId "4120027"]
[WhiteElo "2432"]
[BlackElo "2492"]
[Result "1-0"]
[Round "09"]
[TimeControl "180+1"]
[Date "2022.03.15"]
[WhiteClock "0:00:34"]
[BlackClock "0:00:02"]

1. e4 c5 2. Nf3 e6 3. c4 a6 4. Nc3 d6 5. Be2 Nc6 6. O-O Nf6 7. d4 cxd4 8. Nxd4 Be7 9. Be3 Qc7 10. Rc1 O-O 11. Nd5 Qd8 12. Nxc6 bxc6 13. Bb6 Qd7 14. Nxe7+ Qxe7 15. c5 d5 16. exd5 exd5 17. Re1 Be6 18. Qd4 Rfe8 19. Bd3 Qd7 20. h3 Bf5 21. Bf1 Bg6 22. b4 Rxe1 23. Rxe1 h6 24. a4 Qb7 25. b5 axb5 26. axb5 Nd7 27. Re7 Qc8 28. h4 cxb5 29. Bxb5 Nxb6 30. cxb6 Rb8 31. Re8+ Qxe8 32. Bxe8 Rxe8 33. b7 Rb8 34. Qa7 1-0


[Site "https://www.chess.com"]

[Event "Titled Tuesday Blitz March 15 Early 2022"]
[White "Bintang, Rasyid A. Hidayat"]
[Black "Vokarev, Sergey"]
[WhiteFideId "7105355"]
[BlackFideId "4119711"]
[WhiteElo "2362"]
[BlackElo "2398"]
[Result "0-1"]
[Round "09"]
[TimeControl "180+1"]
[Date "2022.03.15"]
[WhiteClock "0:01:32"]
[BlackClock "0:01:42"]

1. d4 d5 2. Bf4 c5 3. e3 Nc6 4. Nf3 Nf6 5. Nbd2 cxd4 6. exd4 Bg4 7. Bb5 Rc8 8. c4 e6 9. Qa4 Bxf3 10. Nxf3 dxc4 11. O-O Bd6 12. Ne5 O-O 13. Bxc6 bxc6 14. Nxc6 Rxc6 15. Qxc6 Bxf4 16. Qxc4 Nd5 17. g3 Bc7 18. Qa6 Bb6 19. Rfd1 Qf6 20. Qd3 h5 21. a4 a5 22. Qe4 Rd8 23. Rac1 Nb4 24. Rc4 g6 25. Kg2 Kg7 26. Qb7 Bxd4 27. Qb5 Qxf2+ 28. Kh1 Qf3# 0-1


[Site "https://www.chess.com"]

[Event "Titled Tuesday Blitz March 15 Early 2022"]
[White "Borodavkin, Anatoly"]
[Black "Zong, Davis"]
[WhiteFideId "14150662"]
[BlackFideId "30903955"]
[WhiteElo "1845"]
[BlackElo "2061"]
[Result "0-1"]
[Round "09"]
[TimeControl "180+1"]
[Date "2022.03.15"]
[WhiteClock "0:00:01"]
[BlackClock "0:00:05"]

1. e4 e5 2. Nf3 Nc6 3. Bb5 a6 4. Ba4 Nf6 5. O-O Be7 6. d3 b5 7. Bb3 O-O 8. a4 b4 9. Nbd2 d6 10. Nc4 Bg4 11. Be3 Nd7 12. h3 Bh5 13. a5 Nc5 14. Bxc5 Bxf3 15. Qxf3 dxc5 16. c3 Bd6 17. Qe2 Rb8 18. Qc2 Qg5 19. Rab1 Ne7 20. Qc1 Qh4 21. Qe3 Ng6 22. Qg3 Qf6 23. Qg4 Nf4 24. Rfd1 g6 25. Kh2 h5 26. Qf3 Qg5 27. g3 Ne6 28. h4 Qe7 29. Qg2 Kg7 30. Rf1 Rbd8 31. Rbd1 c6 32. Nxd6 Rxd6 33. f4 exf4 34. gxf4 Qxh4+ 35. Qh3 Qf6 36. Qg3 Rd7 37. f5 Ng5 38. Rg1 Nh7 39. Rdf1 g5 40. Qh3 Qh6 41. Rg2 f6 0-1


[Site "https://www.chess.com"]

[Event "Titled Tuesday Blitz March 15 Early 2022"]
[White "Brunner, Nicolas"]
[Black "De Souza, Cristiano Gomes"]
[WhiteFideId "620246"]
[BlackFideId "2151758"]
[WhiteElo "2372"]
[BlackElo "2068"]
[Result "1-0"]
[Round "09"]
[TimeControl "180+1"]
[Date "2022.03.15"]
[WhiteClock "0:00:15"]
[BlackClock "0:01:16"]

1. d4 Nf6 2. c4 g6 3. Nf3 Bg7 4. Nc3 d6 5. e4 O-O 6. Be2 e5 7. O-O Nc6 8. d5 Ne7 9. b4 Ne8 10. c5 f5 11. Nd2 h5 12. a4 Nf6 13. Ba3 Kh7 14. b5 Bh6 15. f3 Be3+ 16. Kh1 dxc5 17. Qc2 b6 18. Rae1 Bd4 19. Bd3 f4 20. Ne2 Be3 21. Nc4 Nd7 22. Nxe3 fxe3 23. Qc1 g5 24. Qxe3 Rg8 25. Ng3 Nf6 26. Bb2 Qd6 27. Nf5 Nxf5 28. exf5 Nxd5 29. Qxe5 Qxe5 30. Rxe5 Rd8 31. Be4 Bb7 32. h4 gxh4 33. Rd1 Ne3 34. Rxd8 Rxd8 35. Re7+ Kh6 36. Bxb7 Rd1+ 37. Kh2 Nf1+ 38. Kh3 Ng3 39. Re6+ Kg5 40. Rg6+ Kxf5 41. Rf6+ Kg5 42. f4# 1-0


[Site "https://www.chess.com"]

[Event "Titled Tuesday Blitz March 15 Early 2022"]
[White "Budrewicz, Krzysztof"]
[Black "Avazkhonov, Alikhon"]
[WhiteFideId "1127950"]
[BlackFideId "14208504"]
[WhiteElo "2248"]
[BlackElo "1739"]
[Result "0-1"]
[Round "09"]
[TimeControl "180+1"]
[Date "2022.03.15"]
[WhiteClock "0:00:32"]
[BlackClock "0:00:07"]

1. d4 Nf6 2. c4 g6 3. Nc3 Bg7 4. g3 O-O 5. Bg2 d6 6. e4 Nbd7 7. Nge2 e5 8. d5 a5 9. O-O Nc5 10. h3 Ne8 11. Be3 b6 12. Qd2 f5 13. Rae1 Nf6 14. f3 Bd7 15. Nc1 Qe7 16. exf5 gxf5 17. Bf2 Qf7 18. Nd3 Qg6 19. Nxc5 bxc5 20. Nb5 Bxb5 21. cxb5 Nh5 22. Kh2 Bh6 23. Qd3 Kh8 24. Bh1 Rg8 25. Rg1 Rg7 26. a4 Rag8 27. Qc3 Nf4 28. g4 Bg5 29. Qc2 Qh6 30. Bg2 fxg4 31. fxg4 Nxg2 32. Rxg2 Bf4+ 33. Bg3 Rxg4 34. Reg1 Rh4 35. Qf5 Rh5 36. Bxf4 Qxf4+ 37. Qxf4 Rxg2+ 38. Rxg2 exf4 39. Re2 Rxd5 40. Kg2 Rd3 41. Re8+ Kg7 42. Re7+ Kg6 43. Rxc7 Kf5 44. Rxh7 Rb3 45. Rf7+ Ke4 46. Re7+ Kf5 47. Re2 f3+ 48. Kf2 fxe2 49. Kxe2 Rxb2+ 50. Kd3 Rb4 51. h4 Rxa4 52. Kc3 Rb4 53. b6 Rxb6 54. h5 Rb4 55. h6 Kg6 56. h7 Kxh7 0-1


[Site "https://www.chess.com"]

[Event "Titled Tuesday Blitz March 15 Early 2022"]
[White "Buscar, Michael"]
[Black "Kett, Tim"]
[WhiteFideId "2603616"]
[BlackFideId "1801210"]
[WhiteElo "2010"]
[BlackElo "2098"]
[Result "1-0"]
[Round "09"]
[TimeControl "180+1"]
[Date "2022.03.15"]
[WhiteClock "0:00:05"]
[BlackClock "0:00:02"]

1. c4 e5 2. Nf3 e4 3. Nd4 Nf6 4. Nc3 Bb4 5. g3 Bxc3 6. dxc3 O-O 7. Bg2 Re8 8. O-O h6 9. c5 Qe7 10. Nb3 b6 11. Be3 bxc5 12. Bxc5 d6 13. Bd4 Bb7 14. c4 Nbd7 15. Qc2 Rab8 16. Bxa7 Ra8 17. Bd4 Ne5 18. c5 Rab8 19. Na5 Ba8 20. Rfc1 Neg4 21. e3 Bd5 22. cxd6 cxd6 23. Nc6 Bxc6 24. Qxc6 Qe6 25. Qc4 Qf5 26. Qe2 Ne5 27. Bxe5 Rxe5 28. a4 Ng4 29. Bh3 h5 30. Rcb1 Rc5 31. b4 Rc3 32. Bxg4 hxg4 33. a5 Rbc8 34. Rf1 Rc2 35. Qa6 Rb2 36. Qxd6 g5 37. Rab1 Rxb1 38. Rxb1 Rc2 39. Rf1 Ra2 40. a6 Qb5 41. a7 Rxa7 42. Qc5 Qxc5 43. bxc5 Kf8 44. Rc1 Ke7 45. Kg2 Ke6 46. c6 Rc7 47. h3 gxh3+ 48. Kxh3 f5 49. g4 f4 50. exf4 gxf4 51. Kh4 Ke5 52. Kg5 e3 53. fxe3 fxe3 54. Kh6 Kf4 55. g5 e2 56. g6 Rxc6 57. Rxc6 e1=Q 58. Rf6+ Ke5 59. Rf7 Qh4+ 60. Kg7 Qd4 61. Kg8 Qd8+ 62. Rf8 Qd5+ 63. Kh8 1-0


[Site "https://www.chess.com"]

[Event "Titled Tuesday Blitz March 15 Early 2022"]
[White "Coto Mederos, Michel"]
[Black "Chernomordik, Pavel"]
[WhiteFideId "3508528"]
[BlackFideId "2804530"]
[WhiteElo "2563"]
[BlackElo "2462"]
[Result "1-0"]
[Round "09"]
[TimeControl "180+1"]
[Date "2022.03.15"]
[WhiteClock "0:00:05"]
[BlackClock "0:00:01"]

1. d4 g6 2. c4 Bg7 3. Nc3 d6 4. e4 c6 5. Be3 a6 6. Bd3 b5 7. Nf3 Nf6 8. O-O bxc4 9. Bxc4 d5 10. exd5 cxd5 11. Bd3 O-O 12. Ne5 Qb6 13. Qd2 e6 14. Na4 Qd6 15. Nc5 Nc6 16. f4 Rb8 17. Rac1 Ne7 18. b3 Nf5 19. Bf2 h5 20. Qa5 Ng4 21. Nxa6 Nxf2 22. Rxf2 Ra8 23. Rc6 Qe7 24. Qc3 Bxa6 25. Rxa6 Rxa6 26. Bxa6 Qa7 27. Bd3 Nxd4 28. Kf1 Nf5 29. Bxf5 gxf5 30. Rc2 d4 31. Qd3 Qb6 32. a4 Qd6 33. a5 Qb4 34. a6 1-0


[Site "https://www.chess.com"]

[Event "Titled Tuesday Blitz March 15 Early 2022"]
[White "Deac, Bogdan-Daniel"]
[Black "Hess, Robert"]
[WhiteFideId "1226380"]
[BlackFideId "2022036"]
[WhiteElo "2646"]
[BlackElo "2557"]
[Result "1-0"]
[Round "09"]
[TimeControl "180+1"]
[Date "2022.03.15"]
[WhiteClock "0:00:10"]
[BlackClock "0:00:02"]

1. d4 g6 2. e4 Bg7 3. Nc3 a6 4. g4 b5 5. Bg2 Bb7 6. h4 Nf6 7. h5 b4 8. Nd5 Nxd5 9. exd5 c5 10. dxc5 Qa5 11. Ne2 Qxc5 12. Be3 Qc4 13. Bd4 Bxd5 14. b3 Qc6 15. Bxg7 Bxg2 16. hxg6 Qxg6 17. Bxh8 Bxh1 18. Qd2 f6 19. O-O-O Bf3 20. Nf4 Qg8 21. Re1 Qxh8 22. Qe3 Nc6 23. Qxf3 f5 24. Kb1 fxg4 25. Qxg4 O-O-O 26. Nd5 e6 27. Nxb4 Qc3 28. Re4 Kb7 29. Nxc6 dxc6 30. Rb4+ Ka8 31. Rc4 Qe1+ 32. Kb2 Qe5+ 33. Ka3 Qa5+ 34. Kb2 Qe5+ 35. Rc3 Rd5 36. Qc4 c5 37. Qxa6+ Kb8 38. Qb6+ Kc8 39. a4 Kd7 40. a5 Rd6 41. Qb7+ Ke8 42. a6 c4 43. a7 1-0


[Site "https://www.chess.com"]

[Event "Titled Tuesday Blitz March 15 Early 2022"]
[White "Devaev, Alexander"]
[Black "Samaganova, Aleksandra"]
[WhiteFideId "4169395"]
[BlackFideId "13800221"]
[WhiteElo "2185"]
[BlackElo "1859"]
[Result "1-0"]
[Round "09"]
[TimeControl "180+1"]
[Date "2022.03.15"]
[WhiteClock "0:00:20"]
[BlackClock "0:00:01"]

1. d4 Nf6 2. c4 e6 3. Nc3 Bb4 4. e3 O-O 5. Ne2 b6 6. a3 Be7 7. Ng3 Bb7 8. e4 d6 9. f4 c5 10. d5 Nbd7 11. Bd3 a6 12. O-O exd5 13. exd5 b5 14. b3 Re8 15. Kh1 Bf8 16. Qc2 g6 17. Bb2 Bg7 18. Rae1 Rxe1 19. Rxe1 Qf8 20. cxb5 axb5 21. Bxb5 Nb6 22. Bc6 Rb8 23. Rd1 Qe7 24. h3 Bh6 25. f5 Bf4 26. Nge4 Be5 27. Nxf6+ Qxf6 28. Ne4 Qe7 29. f6 Qd8 30. Bxe5 dxe5 31. Bxb7 Rxb7 32. d6 Nd7 33. Nxc5 Nxc5 34. Qxc5 Qxf6 35. Qc8+ Kg7 36. Qxb7 1-0


[Site "https://www.chess.com"]

[Event "Titled Tuesday Blitz March 15 Early 2022"]
[White "Dushyant Sharma"]
[Black "Migot, Tangi"]
[WhiteFideId "25065130"]
[BlackFideId "662445"]
[WhiteElo "2105"]
[BlackElo "2515"]
[Result "1-0"]
[Round "09"]
[TimeControl "180+1"]
[Date "2022.03.15"]
[WhiteClock "0:00:57"]
[BlackClock "0:00:21"]

1. e4 e5 2. Nf3 d6 3. d4 exd4 4. Nxd4 Nf6 5. Nc3 Be7 6. f4 O-O 7. Nf3 Re8 8. Bd3 c5 9. O-O Nc6 10. Kh1 Bg4 11. Qe1 Bxf3 12. Rxf3 Nd4 13. Rh3 Bf8 14. Be3 Ng4 15. Bxd4 cxd4 16. Nd5 f5 17. Qg3 Rc8 18. exf5 Nf6 19. Qh4 h6 20. Nxf6+ Qxf6 21. Qxf6 gxf6 22. Rg3+ Kf7 23. b3 d5 24. h3 Bd6 25. Rf1 a6 26. a4 h5 27. Rg6 Bf8 28. g4 Re3 29. Kg2 h4 30. g5 Rg3+ 31. Kh2 Be7 32. Rg1 Rf3 33. Rh6 Rxf4 34. g6+ Kg8 35. g7 Bd6 36. Kh1 Rf2 37. Rh8+ Kf7 38. g8=Q+ Rxg8 39. Rgxg8 Rh2+ 40. Kg1 Rxh3 41. Rd8 Bf4 42. Rh7# 1-0


[Site "https://www.chess.com"]

[Event "Titled Tuesday Blitz March 15 Early 2022"]
[White "Esipenko, Andrey"]
[Black "Dubov, Daniil"]
[WhiteFideId "24175439"]
[BlackFideId "24126055"]
[WhiteElo "2617"]
[BlackElo "2791"]
[Result "0-1"]
[Round "09"]
[TimeControl "180+1"]
[Date "2022.03.15"]
[WhiteClock "0:00:01"]
[BlackClock "0:00:02"]

1. e4 c5 2. Nf3 e6 3. d4 cxd4 4. Nxd4 a6 5. Bd3 Bc5 6. Nb3 Ba7 7. Bf4 d6 8. Qd2 Nc6 9. Nc3 e5 10. Bg5 Nge7 11. O-O-O h6 12. Be3 Bxe3 13. Qxe3 Be6 14. Kb1 O-O 15. g3 a5 16. Bb5 Na7 17. Nc5 Bc8 18. N5a4 Be6 19. Nb6 Rb8 20. f4 Nec6 21. f5 Nd4 22. fxe6 Naxb5 23. Nxb5 Nxb5 24. Nd7 fxe6 25. Nxb8 Qxb8 26. c3 Qc7 27. Qd3 Qc6 28. a4 Nc7 29. Qxd6 Qxe4+ 30. Qd3 Qxa4 31. Rhe1 Nd5 32. Qe4 Nxc3+ 33. bxc3 Qb3+ 34. Kc1 Qa3+ 35. Kd2 Qb2+ 36. Ke3 Qf2+ 37. Kd3 Rd8+ 38. Kc4 Qa2+ 39. Kb5 Qb3+ 40. Kc5 Qxc3+ 41. Kb6 Qb3+ 42. Ka7 Rxd1 43. Re3 Qb4 44. Qg6 Qc5+ 0-1


[Site "https://www.chess.com"]